Workbook

Sheet Composição Final
B2: COMPOSIÇÃO FINAL
I3: Valor (R$)
B4: A | C4: Material | I4: =ROUND('Material Trimestral'!G10+'Material Mensal'!G19,2) -> 2850.21
B5: B | C5: Pessoal | I5: =ROUND(Pessoal!J105,2) -> 85825.44
B6: Total mensal para a execução de | F6: ='Cota por local 650'!C35 -> 11262.18 | G6: m² | I6: =SUM(I4:I5) -> 88675.65
B7: Total global para a execução de | F7: ='Cota por local 650'!C35 -> 11262.18 | G7: m² | I7: =I6*12 -> 1064107.8

Sheet Pessoal
B2: SERVIÇOS DE LIMPEZA E HIGIENIZAÇÃO
B3: PLANILHA DE CUSTOS E FORMAÇÃO DE PREÇOS
B5: Dados complementares para composição dos custos referente à mão de obra
B6: 1 | C6: Tipo de serviço (mesmo serviço com características distintas) | I6: limpeza e conservação
B7: 2 | C7: Salário normativo em jornada reduzida - 35 h/sem (Cláusula Quinta CCT 2026) | I7: =(1765.86/44)*35 -> 1404.6614 | K7: =I7*1.5 -> 2106.992
B8: 3 | C8: Categoria profissional (vinculada à execução contratual) | I8: Servente de limpeza | K8: Preposto
B9: 4 | C9: Data base da categoria (dia/mês/ano) (CCT 2025 RS000042/2026) | I9: 1º de janeiro de 2026
B11: MÓDULO 1: COMPOSIÇÃO DA REMUNERAÇÃO
B12: 1 | C12: Composição da remuneração | I12: Percentual (%) | J12: Valor (R$) | K12: Valor (R$)
B13: A | C13: Salário normativo (Cláusula 3ª CCT 2025) | J13: 1765.86 | K13: =K7 -> 2106.992
B14: A | C14: Adicional de insalubridade (40% do Sal Normativo - Cláusula 17 da CCT 2026) | I14: 0.4 | J14: =ROUND(I14*J13,2) -> 706.34 | K14: 0
B15: Total da remuneração | J15: =I7+J14 -> 2111.0014 | K15: =SUM(K13:K14) -> 2106.992
B17: MÓDULO 2 : BENEFÍCIOS MENSAIS E DIÁRIOS
B18: 2 | C18: Benefícios mensais e diários | J18: Valor (R$) | K18: Valor (R$)
B19: A | C19: Transporte (Cláusula 21 CCT 2025) Cálculo do valor: [(2x21xVT) – (6%xSB)] | J19: =IF(ROUND((21*I20*2)-(J13*0.06),2)<0,0,ROUND((21*I20*2)-(J13*0.06),2))*1+(I20*2*21.726-0.06*J13)*0 -> 95.65 | K19: =IF(ROUND((21*I20*2)-(K13*0.06),2)<0,0,ROUND((21*I20*2)-(K13*0.06),2))*1+(I20*2*21.726-0.06*K13)*0 -> 75.18
C20: A.1) Valor da passagem do transporte coletivo no município: | I20: 4.8 | J20: - | K20: -
B21: B | C21: Auxílio-alimentação Cláusula 20 da CCT 2026 [(21*VA) - (19%*21*VA)] | J21: =ROUND((21*I22)-(0.19*21*I22),2) -> 461.82 | K21: =ROUND((21*I22)-(0.19*21*I22),2) -> 461.82
C22: B.1) Valor do auxílio-alimentação (Cláusula 19 da CCT 2025): | I22: 27.15 | K22: -
B23: C | C23: Assistência médica e familiar | J23: 0 | K23: 0
B24: D | C24: Premio Assiduidade (Cláusula 19 da CCT 2026) | J24: 80 | K24: 80
B25: F | C25: Plano de benefício familiar (Cláusula 31 da CCT 2026) | J25: 25.52 | K25: 25.52
B26: G | C26: Outros (especificar) | J26: 0 | K26: 0
C27: Total de benefícios mensais e diários | J27: =SUM(J19:J26) -> 662.99 | K27: =SUM(K19:K26) -> 642.52
B29: MÓDULO 3: ENCARGOS SOCIAIS E TRABALHISTAS
B30: Submódulo 3.1 - Encargos previdenciários, FGTS e outras contribuições
B31: 3.1 | C31: Encargos previdenciários, FGTS e outras contribuições | I31: Percentual (%) | J31: Valor (R$) | K31: Valor (R$)
B32: A | C32: INSS | I32: 0.2 | J32: =ROUND($J$15*I32,2) -> 422.2 | K32: =ROUND($K$15*I32,2) -> 421.4
B33: B | C33: SESI ou SESC | I33: 0.015 | J33: =ROUND($J$15*I33,2) -> 31.67 | K33: =ROUND($K$15*I33,2) -> 31.6
B34: C | C34: SENAI ou SENAC | I34: 0.01 | J34: =ROUND($J$15*I34,2) -> 21.11 | K34: =ROUND($K$15*I34,2) -> 21.07
B35: D | C35: INCRA | I35: 0.002 | J35: =ROUND($J$15*I35,2) -> 4.22 | K35: =ROUND($K$15*I35,2) -> 4.21
B36: E | C36: Salário educação | I36: 0.025 | J36: =ROUND($J$15*I36,2) -> 52.78 | K36: =ROUND($K$15*I36,2) -> 52.67
B37: F | C37: FGTS | I37: 0.08 | J37: =ROUND($J$15*I37,2) -> 168.88 | K37: =ROUND($K$15*I37,2) -> 168.56
B38: G | C38: Seguro acidente de trabalho (RAT x FAP) Cálculo do valor: % do RAT x FAP (FAP de cada empresa) | E38: RAT = | F38: 0.03 | G38: FAP = | H38: 1.0856 | I38: =ROUND((F38*H38),6) -> 0.032568 | J38: =ROUND($J$15*I38,2) -> 68.75 | K38: =ROUND($K$15*I38,2) -> 68.62
B39: H | C39: SEBRAE | I39: 0.006 | J39: =ROUND($J$15*I39,2) -> 12.67 | K39: =ROUND($K$15*I39,2) -> 12.64
B40: TOTAL | I40: =SUM(I32:I39) -> 0.370568 | J40: =SUM(J32:J39) -> 782.28 | K40: =SUM(K32:K39) -> 780.77
B41: Submódulo 3.2 - 13º (décimo terceiro) salário
B42: 3.2 | C42: 13º (décimo terceiro) salário | J42: Valor (R$) | K42: Valor (R$)
B43: A | C43: 13o. Salário | I43: 0.0833 | J43: =ROUND($J$15*I43,2) -> 175.85 | K43: =ROUND($K$15*I43,2) -> 175.51
B44: B | C44: Adicional de férias | I44: 0.0278 | J44: =ROUND($J$15*I44,2) -> 58.69 | K44: =ROUND($K$15*I44,2) -> 58.57
B45: Subtotal | J45: =SUM(J43:J44) -> 234.54 | K45: =SUM(K43:K44) -> 234.08
B46: C | C46: Incidência dos encargos previstos no Submódulo 3.1 | J46: =ROUND(I40*J45,2) -> 86.91 | K46: =ROUND(I40*K45,2) -> 86.74
B47: TOTAL | J47: =SUM(J45:J46) -> 321.45 | K47: =SUM(K45:K46) -> 320.82
B48: Submódulo 3.3 - Afastamento maternidade
B49: 3.3 | C49: Afastamento maternidade | J49: Valor (R$) | K49: Valor (R$)
B50: A | C50: Afastamento maternidade Cálculo do valor = {[(Rem+1/3Rem)/12]x(4/12)}x1% | I50: =ROUND((1.33/12)*(4/12)*0.01,4) -> 0.0004 | J50: =ROUND($J$15*I50,2) -> 0.84 | K50: =ROUND($K$15*I50,2) -> 0.84
B51: B | C51: Incidência dos encargos do Submódulo 3.1 | J51: =ROUND($I$40*J50,2) -> 0.31 | K51: =ROUND($I$40*K50,2) -> 0.31
B52: TOTAL | J52: =SUM(J50:J51) -> 1.15 | K52: =SUM(K50:K51) -> 1.15
B53: Submódulo 3.4 - Provisão para rescisão
B54: 3.4 | C54: Provisão para rescisão | J54: Valor (R$) | K54: Valor (R$)
B55: A | C55: Aviso-prévio indenizado Cálculo do valor = (Rem/12)x(33/30)x5%de rotatividade anual | I55: 0.0046 | J55: =ROUND( (J15/12)*(33/30)*5%,2) -> 9.68 | K55: =ROUND( (K15/12)*(33/30)*5%,2) -> 9.66
B56: B | C56: Incidência do FGTS sobre o aviso-prévio indenizado | J56: =ROUND($I$37*J55,2) -> 0.77 | K56: =ROUND($I$37*K55,2) -> 0.77
B57: C | C57: Multa sobre o FGTS e contribuições sociais sobre o aviso-prévio indenizado | I57: 0.0024 | J57: =ROUND($J$15*I57,2) -> 5.07 | K57: =ROUND($K$15*I57,2) -> 5.06
B58: D | C58: Aviso-previo trabalhado | I58: 0.0194 | J58: =ROUND($J$15*I58,2) -> 40.95 | K58: =ROUND($K$15*I58,2) -> 40.88
B59: E | C59: Incidência dos encargos do Submódulo 3.1 sobre o aviso-prévio trabalhado | J59: =ROUND($I$37*J58,2) -> 3.28 | K59: =ROUND($I$37*K58,2) -> 3.27
B60: F | C60: Multa sobre o FGTS e contribuições sociais sobre o aviso-prévio trabalhado | I60: =ROUND(I58*0.032,4) -> 0.0006 | J60: =ROUND($J$15*I60,2) -> 1.27 | K60: =ROUND($K$15*I60,2) -> 1.26
B61: TOTAL | J61: =SUM(J55:J60) -> 61.02 | K61: =SUM(K55:K60) -> 60.9
B62: Submódulo 3.5 - Custo de reposição do profissional ausente
B63: 3.5 | C63: Composição do custo de reposição do profissional ausente | J63: Valor (R$) | K63: Valor (R$)
B64: A | C64: Férias | I64: 0.0833 | J64: =ROUND($J$15*I64,2) -> 175.85 | K64: =ROUND($K$15*I64,2) -> 175.51
B65: B | C65: Ausência por doença Cálculo do valor = [(Rem/30)x5dias]/12x25% | I65: =ROUND(((1/30)*5)/12*0.25,4) -> 0.0035 | J65: =ROUND(I65*$J$15,2) -> 7.39 | K65: =ROUND($K$15*I65,2) -> 7.37
B66: C | C66: Licença-paternidade Cálculo do valor = {[(Rem/30)x5dias]/12}x1,5% | I66: =ROUND(((1/30)*5)/12*0.015,4) -> 0.0002 | J66: =ROUND(I66*J15,2) -> 0.42 | K66: =ROUND($K$15*I66,2) -> 0.42
B67: D | C67: Ausências legais Cálculo do valor = [(Rem/30)x1,5dias]/12 | I67: =ROUND(((1/30)*1.5)/12,4) -> 0.0042 | J67: =ROUND(I67*J15,2) -> 8.87 | K67: =ROUND($K$15*I67,2) -> 8.85
B68: E | C68: Ausência por acidente de trabalho Cálculo do valor = {[(Rem/30)x15dias]/12}x0,78% | I68: 0.0003 | J68: =ROUND(I68*J15,2) -> 0.63 | K68: =ROUND($K$15*I68,2) -> 0.63
B69: Subtotal | J69: =SUM(J64:J68) -> 193.16 | K69: =SUM(K64:K68) -> 192.78
B70: G | C70: Incidência dos encargos do Submódulo 3.1 | J70: =ROUND(I40*J69,2) -> 71.58 | K70: =ROUND(I40*K69,2) -> 71.44
B71: TOTAL | J71: =SUM(J69:J70) -> 264.74 | K71: =SUM(K69:K70) -> 264.22
B72: Quadro-resumo - MÓDULO 3 - Encargos sociais e trabalhistas
B73: 3 | C73: Módulo 3 - Encargos sociais e trabalhistas | J73: Valor (R$) | K73: Valor (R$)
B74: 3.1 | C74: 13º Salário + Adicional de Férias | J74: =J47 -> 321.45 | K74: =K47 -> 320.82
B75: 3.2 | C75: Encargos previdenciários, FGTS e outras contribuições | J75: =J40 -> 782.28 | K75: =K40 -> 780.77
B76: 3.3 | C76: Afastamento maternidade | J76: =J52 -> 1.15 | K76: =K52 -> 1.15
B77: 3.4 | C77: Custo de rescisão | J77: =J61 -> 61.02 | K77: =K61 -> 60.9
B78: 3.5 | C78: Custo de reposição do profissional ausente | J78: =J71 -> 264.74 | K78: =K71 -> 264.22
B79: TOTAL | J79: =SUM(J74:J78) -> 1430.64 | K79: =SUM(K74:K78) -> 1427.86
B81: MÓDULO 4: INSUMOS DIVERSOS
B82: 4 | C82: Insumos diversos | J82: Valor (R$) | K82: Valor (R$)
A83: Valor | B83: A | C83: Uniformes e EPIs | J83: ='Uniformes e EPIs'!J12 -> 43.929922 | K83: ='[1]Uniformes e EPIs'!M12 -> 0
B84: Total de insumos diversos | J84: =ROUND(SUM(J83:J83),2) -> 43.93 | K84: =ROUND(SUM(K83:K83),2) -> 0
B86: MÓDULO 5 - CUSTOS INDIRETOS, TRIBUTOS E LUCRO
C87: Custos indiretos, lucro e tributos | I87: Percentual (%) | J87: Valor (R$) | K87: Valor (R$)
B88: BASE DE CÁLCULO DOS CUSTOS INDIRETOS E LUCRO | J88: =J15+J27+J79+J83 -> 4248.5613 | K88: =K15+K27+K79+K83 -> 4177.372
B89: A | C89: Custos Indiretos | I89: 0.002 | J89: =ROUND(I89*J88,2) -> 8.5 | K89: =ROUND(I89*K88,2) -> 8.35
B90: B | C90: Lucro | I90: 0.0015 | J90: =ROUND(I90*J88,2) -> 6.37 | K90: =ROUND(I90*K88,2) -> 6.27
B91: BASE DE CÁLCULO DOS TRIBUTOS | J91: =J88+J89+J90 -> 4263.4313 | K91: =K88+K89+K90 -> 4191.992
B92: C | C92: Tributos (Soma) | I92: =SUM(I93:I95) -> 0.1062 | J92: =I92*J91 -> 452.7764 | K92: =I92*K91 -> 445.18956
C93: C1 Cofins | I93: 0.0585
C94: C2 PIS | I94: 0.0127
C95: C3 ISSQN | I95: 0.035
B96: TOTAL | J96: =SUM(J89+J90+J92) -> 467.6464 | K96: =SUM(K89+K90+K92) -> 459.80956
B98: Mão de obra vinculada à execução contratual (valor por empregado) | J98: Valor (R$) | K98: Valor (R$)
B99: A | C99: Módulo 1 - Composição da remuneração | J99: =J15 -> 2111.0014 | K99: =K15 -> 2106.992
B100: B | C100: Módulo 2 - Benefícios mensais e diários | J100: =J27 -> 662.99 | K100: =K27 -> 642.52
B101: C | C101: Módulo 3 - Encargos sociais e trabalhistas | J101: =J79 -> 1430.64 | K101: =K79 -> 1427.86
B102: D | C102: Módulo 4 - Insumos diversos (uniformes e EPIs) | J102: =J83 -> 43.929922 | K102: =K83 -> 0
B103: E | C103: Módulo 5 - Custos Indiretos, Tributos e Lucro | J103: =J96 -> 467.6464 | K103: =K96 -> 459.80956
B104: Valor total por empregado | J104: =SUM(J99:J103) -> 4716.2077 | K104: 5649.91
F105: Total para 17 servetes | J105: =J104*17+K104 -> 85825.441
B106: Nota: Valores mensais por empregado
A108: Observações:
B109: (1) A planilha de composição de custos e formação de preços é meramente estimativa, cabendo ao licitante preenchê-la e apresentá-la, em conformidade com a sua realidade e com o previsto para atendimento desta contratação.
...

Sheet Equipamentos
B2: EQUIPAMENTOS E UTENSÍLIOS EM COMODATO
B4: Item | C4: Descrição | D4: Medida | E4: Qtde Geral
B5: 1 | C5: Escada de Alumínio dobrável, com 7 degraus | D5: Unidade | E5: 5
B6: 2 | C6: Lavadora de Alta pressão, com pressão mínima de 1750 libras, vazão de água mínima de 6 litros/minutos, potência mínima de 1500 watts | D6: Unidade | E6: 2
B7: 3 | C7: Aspirador de pó e líquidos, reservatório mínimo de 10 litros, potência mínima de 1400 watts | D7: Unidade | E7: 5
B8: 4 | C8: Mangueira plástica de jardim, ¾ com comprimento mínimo de 30 metros | D8: Unidade | E8: 7
B9: 5 | C9: Mangueira plástica de jardim, ¾ com comprimento mínimo de 100 metros | D9: Unidade | E9: 3
B10: 6 | C10: Carro funcional para transporte de materais, equipamentos, utensílios e funcionários | D10: Unidade | E10: 1
B11: 7 | C11: Balde plástico 8L com alça em metal | D11: unidade | E11: 38
B12: 8 | C12: Balde plástico 20L com alça em metal | D12: unidade | E12: 38
B13: 9 | C13: Conjunto composto por um balde de 12L com espremedor, um mop de 190g (vassourinha de algodão) e um cabo de madeira com comprimento de 120cm | D13: unidade | E13: 19
B14: 10 | C14: Escova de chão retangular, cepa plástica, cerdas de polipropileno, dimensões 13,5x5,3x2,7cm | D14: unidade | E14: 19
B15: 11 | C15: Escova para lavar roupa, oval, com suporte em madeira e cerdas de polipropileno, medidas aproximadas 13x5x6cm | D15: unidade | E15: 19
B16: 12 | C16: Escova para vaso sanitário, c/ cerdas em polipropileno, acompanhado de suporte PVC | D16: unidade | E16: 76
B17: 13 | C17: Pá de lixo metal, cabo de 80cm no mínimo | D17: unidade | E17: 19

Sheet Uniformes e EPIs
B1: UNIFORMES E EPI
B3: Item | C3: Qtde. em 12 meses | D3: Registro Preço | E3: EPI Brasil | F3: Super EPI | G3: LojasKSI | H3: WP Connect | I3: VALOR UNITÁRIO | J3: CUSTO ANUAL (R$)
B4: Jaleco em tecido tipo brim | C4: 2 | E4: - | F4: 39.9 | G4: 32.9 | H4: 55.99 | I4: 20 | J4: =C4*I4 -> 40
B5: Calça em tecido tipo brim | C5: 4 | E5: - | F5: 48 | G5: 37.9 | H5: 58.9 | I5: 45 | J5: =C5*I5 -> 180
B6: Sapato (pares) | C6: 2 | E6: 40.7 | F6: 42.5 | G6: 59.9 | H6: 44.9 | I6: 40 | J6: =C6*I6 -> 80
B7: Luvas borracha | C7: 48 | E7: 6.2 | F7: 5.8 | G7: 7.9 | H7: - | I7: 1.95 | J7: =C7*I7 -> 93.6
B8: Oculos segurança incolor | C8: 4 | E8: 3.1 | F8: 3.86 | G8: 6.9 | H8: 7.99 | I8: 5 | J8: =C8*I8 -> 20
B9: Máscara | C9: 30 | E9: 2.2 | F9: 1.31 | G9: 1.49 | H9: - | I9: 1.12 | J9: =C9*I9 -> 33.6
B10: Bota de borracha ou PVC | C10: 2 | I10: 40 | J10: =C10*I10 -> 80
B11: Total anual por empregado | J11: =SUM(J4:J10) -> 527.2
B12: Custo mensal por empregado: | J12: =(J11/'[1]Cota por local'!D34)+6.74 -> 43.929922

Sheet Material Trimestral
A1: MATERIAIS A SEREM FORNECIDOS TRIMESTRALMENTE
A2: Item | B2: Descrição | C2: Qtde | D2: Valor RP* | E2: Medida | F2: Qtde Geral | G2: Valor total
A4: 1 | B4: Flanela medidas aproximadas 38x58cm, embalagem com 10 unidades | C4: 1 | D4: 18.75 | E4: pacote | F4: 19 | G4: =D4*F4 -> 356.25
A5: 2 | B5: Pá de lixo plástica, polipropileno, dimensão 35,5x20,2cm | C5: 1 | D5: 1.6 | E5: unidade | F5: 19 | G5: =D5*F5 -> 30.4
A6: 3 | B6: Rodo c/ borracha dupla, tamanho 35cm, c/ cabo de madeira | C6: 1 | D6: 4.78 | E6: unidade | F6: 19 | G6: =D6*F6 -> 90.82
A7: 4 | B7: Vassoura de nylon cepa plástica, cerdas polietileno plumadas, c/ cabo de madeira plastificado | C7: 2 | D7: 4.35 | E7: unidade | F7: 38 | G7: =D7*F7 -> 165.3
A8: 5 | B8: Vassoura de palha colonial reforçada com cabo de madeira de 120cm, mínimo 3 fios e mín. 30cm de base | C8: 2 | D8: 12 | E8: unidade | F8: 38 | G8: =D8*F8 -> 456
F9: Soma | G9: =SUM(G4:G8) -> 1098.77
A10: * Valor de referência obtido através do Registro de preços do Município | F10: TOTAL MÊS | G10: =G9/4 -> 274.6925

Sheet Material Mensal
A1: MATERIAIS A SEREM FORNECIDOS MENSALMENTE
A2: Item | B2: Descrição | C2: Qtde | D2: Valor RP* | E2: Medida | F2: Qtde Geral | G2: Valor total | H2: Serventes | I2: Total
A3: 1 | B3: Álcool etílico hidratado a 70% p/p, registro na Anvisa, embalagem 5L | C3: 1 | D3: 34.5 | E3: litro | F3: 16 | G3: =D3*F3 -> 552 | H3: 4 | I3: =H3*C3 -> 4
A4: 3 | B4: Desinfetante de ambiente, fragrância floral ou pinho, galão com 5L | C4: 1 | D4: 11.6 | E4: litro | F4: 16 | G4: =D4*F4 -> 185.6 | H4: 4 | I4: =H4*C4 -> 4
A5: 4 | B5: Detergente líquido para louça, neutro, concentrado, embalagem de 5L | C5: 1 | D5: 7.5 | E5: litro | F5: 16 | G5: =D5*F5 -> 120 | H5: 4 | I5: =H5*C5 -> 4
A6: 5 | B6: Esponja de lã de aço, 60g cada, embalagem com 8 unidades | C6: 1 | D6: 2.29 | E6: pacote | F6: 16 | G6: =D6*F6 -> 36.64 | H6: 4 | I6: =H6*C6 -> 4
A7: 6 | B7: Esponja de louça, antibacteriana, fibra sintética, dupla face, medindo, aproximadamente, 110mm x 70mm x 20mm, em embalagem original individual | C7: 1 | D7: 0.44 | E7: unidade | F7: 16 | G7: =D7*F7 -> 7.04 | H7: 4 | I7: =H7*C7 -> 4
A8: 7 | B8: Hipoclorito de Sódio (água sanitária), com teor mínimo de cloro ativo de 2,0% p/p e máximo de 2,5 p/p, pH máximo de 13,5 e certificado pela Anvisa, embalagem de 5L | C8: 3 | D8: 5 | E8: litro | F8: 48 | G8: =D8*F8 -> 240 | H8: 4 | I8: =H8*C8 -> 12
A9: 8 | B9: Limpa vidros em galão de 5L | C9: 1 | D9: 19.78 | E9: litro | F9: 16 | G9: =D9*F9 -> 316.48 | H9: 4 | I9: =H9*C9 -> 4
A10: 9 | B10: Limpador multiuso, para limpeza pesada, média e leve, pronto uso, embalagem 500mL | C10: 6 | D10: 3.1 | E10: litro | F10: 96 | G10: =D10*F10 -> 297.6 | H10: 4 | I10: =H10*C10 -> 24
A11: 11 | B11: Pano multiuso, embalagem com 5 unidades | C11: 2 | D11: 1.18 | E11: pacote | F11: 32 | G11: =D11*F11 -> 37.76 | H11: 4 | I11: =H11*C11 -> 8
A12: 12 | B12: Pano de chão alvejado, 100% algodão, tamanho mínimo 50x75cm | C12: 4 | D12: 2.9 | E12: unidade | F12: 64 | G12: =D12*F12 -> 185.6 | H12: 4 | I12: =H12*C12 -> 16
A13: 13 | B13: Pano de prato/copa, branco, alvejado, em tecido tipo saco, 100% algodão, c/bainha em todos os lados, tamanho 40x70cm | C13: 2 | D13: 2.3 | E13: unidade | F13: 32 | G13: =D13*F13 -> 73.6 | H13: 4 | I13: =H13*C13 -> 8
A14: 14 | B14: Sabão em pó, alvejante, biodegradável para uso em todo tipo de máquina, embalagem contendo 800 g | C14: 4 | D14: 2.94 | E14: kg | F14: 64 | G14: =D14*F14 -> 188.16 | H14: 4 | I14: =H14*C14 -> 16
... A18: 18 | B18: Saponáceo cremoso frasco com no mínimo 300mL | C18: 2 | D18: 2.67 | E18: litro | F18: 32 | G18: =D18*F18 -> 85.44 | H18: 4 | I18: =H18*C18 -> 8
A19: * Valor de referência obtido através do Registro de preços do Município | G19: =SUM(G3:G18) -> 2575.52

Sheet Cota por local 650
A1: LOCAL | B1: Endereço | C1: Área interna | D1: Metragem considerada
A2: SMDESCH | B2: Rua João Pessoa 1363 | C2: 121.85 | D2: 122
A3: CREAS1 / CREAS2 | B3: Buarque de Macedo, 154 | C3: 261.22 | D3: =ROUND(C3,0) -> 261
A4: CRAS | B4: Rua La Salle, 09 | C4: 376.62 | D4: =ROUND(C4,0) -> 377
A5: SMMA | B5: Rua João Pessoa 1363 | C5: 188.74 | D5: 189
A7: SMED - Administração | B7: Rua João Pessoa, 1748 | C7: 128.07 | D7: =ROUND(C7,0) -> 128
A8: Setor de Merenda Escolar/Depósito | B8: Rua Bento Gonçalves, 1920 | C8: 315 | D8: =ROUND(C8,0) -> 315
A9: Núcleo | B9: Rua São João, 1301 | C9: 144.04 | D9: =ROUND(C9,0) -> 144
A11: Biblioteca Pública Municipal | B11: Rua Capitão Cruz, 2150 | C11: 606.65 | D11: =ROUND(C11,0) -> 607
A12: Teatro Roberto Athayde Cardona | B12: Rua Capitão Cruz, 2150 | C12: 423.24 | D12: =ROUND(C12,0) -> 423
A13: Telecentro | B13: Rua Bruno de Andrade, 1515 | C13: 103.61 | D13: =ROUND(C13,0) -> 104
A14: Domingão | B14: Parque Centenário | C14: 1307.34 | D14: =ROUND(C14,0) -> 1307
A15: Azulão | B15: =B14 -> Parque Centenário | C15: 1568.6 | D15: =ROUND(C15,0) -> 1569
A16: Complexo Estação da Cultura* | B16: Rua Osvaldo Aranha, 2215 | C16: 1516.4 | D16: =ROUND(C16,0) -> 1516
A17: SMDECT | B17: Rua Buarque de Macedo, 1618 | C17: 485.88 | D17: =ROUND(C17,0) -> 486
A18: * Composto por Museu de Arte, Museu Histórico, Arquivo, Espaço Brasken e Prédio do Telégrafo)
A20: SMOP | B20: =B27 -> Ramiro Barcelos, 2993 | C20: 0 | D20: 0
A21: DTT | B21: Capitão Cruz, 2373 | C21: 62.21 | D21: 62
A22: GP - Guarda Municipal | B22: Parque Centenário | C22: 201.78 | D22: =ROUND(C22,0) -> 202
A23: Conselho Tutelar | B23: Rua Cel. Antônio Inácio, 51 | C23: 133.42 | D23: =ROUND(C23,0) -> 133
A24: GP/SG - Arquivo e CPDs | B24: João Pessoa, 1388 | C24: 323.65 | D24: =ROUND(C24,0) -> 324
A25: GP - Emater | B25: João Pessoa, 1493 | C25: 231.83 | D25: =ROUND(C25,0) -> 232
A27: PREFEITURA | B27: Ramiro Barcelos, 2993 | C27: 2096.42 | D27: =ROUND(C27,0) -> 2096 | E27: PREPOSTO
A29: SMIC | B29: Capitão Porfírio, 2013 | C29: 233.87 | D29: =ROUND(C29,0) -> 234
A30: Cozinha SMF
A32: SMVSU | B32: Rua Campos Neto, 777 | C32: 318.04 | D32: =ROUND(C32,0) -> 318
A33: SMDR | B33: =B32 -> Rua Campos Neto, 777 | C33: 113.7 | D33: =ROUND(C33,0) -> 114
A35: Área total | C35: =SUM(C2:C34) -> 11262.18 | D35: =C35 -> 11262.18
B36: Total de auxiliar de limpeza | D36: =D35/650 -> 17.326431
B37: Preposto | D37: 1

Sheet Locais finais
A1: LOCAL | B1: Endereço | C1: Área interna | D1: Metragem considerada | E1: Func./700m2 | F1: nº func.
A2: SMDESCH | B2: Rua João Pessoa 1363 | C2: 331.52 | D2: =ROUND(C2,0) -> 332 | E2: =((SUM(D2:D5)/600)) -> 1.9883333 | F2: 2 | H2: =H8*1.5 -> 7074.3115
A3: CREAS1 / CREAS2 | B3: Buarque de Macedo, 154 | C3: 261.22 | D3: =ROUND(C3,0) -> 261
A4: CRAS | B4: Rua La Salle, 09 | C4: 376.62 | D4: =ROUND(C4,0) -> 377 | H4: =H8*0.5 -> 2358.1038
A5: SMMA | B5: Rua João Pessoa 1363 | C5: 222.77 | D5: =ROUND(C5,0) -> 223
A7: SMED - Administração | B7: Rua João Pessoa, 1748 | C7: 158.58 | D7: =ROUND(C7,0) -> 159 | E7: =((SUM(D7:D10)/600)) -> 1.0716667 | F7: 1
A8: Setor de Merenda Escolar | B8: Rua Bento Gonçalves, 1920 | C8: 49.5 | D8: =ROUND(C8,0) -> 50 | H8: =Pessoal!$J$104 -> 4716.2077
A9: Setor de Merenda Escolar/Depósito | B9: Rua Bento Gonçalves, 1920 | C9: 290 | D9: =ROUND(C9,0) -> 290
A10: Núcleo | B10: Rua São João, 1301 | C10: 144.04 | D10: =ROUND(C10,0) -> 144
A12: Biblioteca Pública Municipal | B12: Rua Capitão Cruz, 2150 | C12: 144.04 | D12: =ROUND(C12,0) -> 144 | F12: 8
A13: Teatro Roberto Athayde Cardona | B13: Rua Capitão Cruz, 2150 | C13: 626.36 | D13: =ROUND(C13,0) -> 626
A14: Telecentro | B14: Rua Bruno de Andrade, 1515 | C14: 122.43 | D14: =ROUND(C14,0) -> 122 | H14: =H8*10 -> 47162.077
A15: Domingão | B15: Parque Centenário | C15: 1505.05 | D15: =ROUND(C15,0) -> 1505
A16: Azulão | B16: =B15 -> Parque Centenário | C16: 1639.18 | D16: =ROUND(C16,0) -> 1639
A17: Complexo Estação da Cultura* | B17: Rua Osvaldo Aranha, 2215 | C17: 1781.59 | D17: =ROUND(C17,0) -> 1782
A18: SMDECT - Administrativo | B18: Rua Buarque de Macedo, 1618
A19: * Composto por Museu de Arte, Museu Histórico, Arquivo, Espaço Brasken e Prédio do Telégrafo)
A21: SMOP | B21: =B26 -> Ramiro Barcelos, 2993 | C21: 0 | D21: 0
A22: DTT | B22: Capitão Cruz, 2373 | F22: 1
A23: GP - Guarda Municipal | B23: Parque Centenário | C23: 222.8 | D23: =ROUND(C23,0) -> 223 | E23: =((SUM(D23:D23)/600)) -> 0.37166667 | H23: =H30 -> 4716.2077
A24: Conselho Tutelar | B24: Rua Cel. Antônio Inácio, 51 | C24: 133.42 | D24: =ROUND(C24,0) -> 133 | E24: =((SUM(D24:D24)/600)) -> 0.22166667
H25: =H8*4 -> 18864.831
A26: ='Cota por local 650'!A27 -> PREFEITURA | B26: Ramiro Barcelos, 2993 | C26: 2096.42 | D26: =ROUND(C26,0) -> 2096 | E26: =SUM(D26:D26)/600 -> 3.4933333 | F26: 3 | H26: =Pessoal!$K$104 -> 5649.91
H27: =SUM(H25:H26) -> 24514.741
A28: SMIC | B28: Capitão Porfírio, 2013 | C28: 233.87 | D28: =ROUND(C28,0) -> 234 | E28: =SUM(D28:D35)/600 -> 1.1783333 | F28: 1
A29: Cozinha SMF
A30: GP/SG - Arquivo e CPDs | B30: João Pessoa, 1388 | C30: 241.29 | D30: =ROUND(C30,0) -> 241 | H30: =H8 -> 4716.2077
A31: GP/SG - Palácio | C31: 0 | D31: 0
A32: SMF | B32: =B31 -> 0 | C32: 0 | D32: =ROUND(C32,0) -> 0
A33: SMGEP | B33: =B32 -> 0 | C33: 0 | D33: =ROUND(C33,0) -> 0
A34: PGM | B34: =B33 -> 0 | C34: 0 | D34: =ROUND(C34,0) -> 0
A35: GP - Emater | B35: João Pessoa, 1493 | C35: 231.83 | D35: =ROUND(C35,0) -> 232
A37: SMVSU | B37: Rua Campos Neto, 777 | C37: 356.45 | D37: =ROUND(C37,0) -> 356 | E37: =SUM(D37:D38)/600 -> 0.92833333 | F37: 1 | H37: =H30/2 -> 2358.1038
A38: SMDR | B38: =B37 -> Rua Campos Neto, 777 | C38: 201.25 | D38: =ROUND(C38,0) -> 201 | H38: =H37 -> 2358.1038
D39: =SUM(D2:D38) -> 11370 | E39: =SUM(E2:E38) -> 9.2533333 | F39: =F2+F7+F12+F22+F26+F28+F37 -> 17
A40: Área total m² | B40: ='Cota por local 650'!D35 -> 11262.18 | C40: =SUM(C2:C39) -> 11370.23 | D40: =F39 -> 17
A41: Total de auxiliar de limpeza | B41: =F39 -> 17 | D41: 1
A42: Preposto | B42: =D41 -> 1 | D42: 1 | H42: =SUM(H2:H41)-H25-H26 -> 99974.064
D45: =C40/600 -> 18.950383 | H45: 109424.07

Sheet dotações 2025
B1: Dotação | C1: N° EMPENHO | D1: VALOR MENSAL | E1: VALOR 73 DIAS - DE 18/10 A 31/12 | G1: Desdobramento | H1: Nota de Empenho | I1: VALOR | J1: Reajuste | K1: Valor mensal 2023 | L1: Complemento | M1: Falta de NE
A2: 02.01.04.122.0100.2201.3.3.90.39.00.00.00.00 | F2: 13
A3: 03.01.04.122.0100.2301.3.3.90.39.00.00.00.00 | B3: 127 | C3: 164 | D3: 4421.21 | E3: =D3/30*73 -> 10758.278 | F3: 185 | G3: 2203 | I3: 4421.21 | J3: 273.7 | K3: =I3+J3 -> 4694.91 | L3: =J3*9 -> 2463.3 | N3: 0.038279 | O3: =(K3*N3)+K3 -> 4874.6265
A4: 04.01.04.122.0100.2401.3.3.90.39.00.00.00.00 | B4: 197 | C4: 156 | D4: 820.3 | E4: =D4/30*73 -> 1996.0633 | F4: 261 | G4: 2283 | I4: 820.3 | J4: 228.08 | K4: =I4+J4 -> 1048.38 | L4: =J4*9 -> 2052.72 | N4: 0.038279 | O4: =(K4*N4)+K4 -> 1088.5109
A5: 07.01.04.452.0100.2701.3.3.90.39.00.00.00.00 | F5: 786
A6: 09.01.12.122.0217.2902.3.3.90.39.00.00.00.00 | B6: 739 | C6: 154 | D6: 1365.82 | E6: =D6/30*73 -> 3323.4953 | F6: 975 | G6: 2878 | I6: 1365.82 | J6: 182.47 | K6: =I6+J6 -> 1548.29 | L6: 15300.43 | M6: 10 meses | N6: 0.038279 | O6: =(K6*N6)+K6 -> 1607.557
A7: 11.01.20.122.0100.2001.3.3.90.39.00.00.00.00 | B7: 1179 | C7: 158 | D7: 1230.8 | E7: =D7/30*73 -> 2994.9467 | F7: 1288 | G7: 3256 | I7: 1230.8 | J7: 182.46 | K7: =I7+J7 -> 1413.26 | L7: =J7*9 -> 1642.14 | N7: 0.038279 | O7: =(K7*N7)+K7 -> 1467.3582
A8: 15.01.04.122.0100.2.003.3.3.90.39.00.00.00.00 | B8: 1308 | C8: 159 | D8: 2826.42 | E8: =D8/30*73 -> 6877.622 | F8: 1357 | G8: 3360 | I8: 2826.42 | J8: 182.46 | K8: =I8+J8 -> 3008.88 | L8: =J8*9 -> 1642.14 | N8: 0.038279 | O8: =(K8*N8)+K8 -> 3124.0569
A9: 17.01.04.122.0100.2210.3.3.90.39.00.00.00.00 | B9: 1039 | C9: 167 | D9: 15571.59 | E9: =(D9+#REF!+#REF!)/30*73 -> #REF! | F9: 1477 | G9: 3089 | I9: 16512.01 | J9: 182.47 | K9: =I9+J9 -> 16694.48 | L9: =J9*9 -> 1642.23 | N9: 0.038279 | O9: =(K9*N9)+K9 -> 17333.528
A10: 18.01.04.122.0100.2820.3.3.90.39.00.00.00.00 | F10: 1739
A11: TOTAL
C12: TOTAL NF: | E12: =SUM(E3:E9) -> #REF! | I12: =SUM(I3:I9) -> 27176.56
J13: =SUM(J3:J12) -> 1231.64 | K13: =SUM(K3:K12) -> 28408.2 | L13: =SUM(L3:L12) -> 24742.96 | O13: =SUM(O3:O12) -> 29495.637
N14: =O13-K13 -> 1087.4375
I15: 4379.17 | N15: =(N14/30)*78 -> 2827.3375 | O15: pedido 78 dias
I17: =I15/16 -> 273.69813

Sheet Locais
A1: LOCAL | B1: Endereço | C1: Área interna | D1: nº func.
A2: SMHAD | B2: Rua Apolinário de Moraes 1705 | C2: 460 | D2: =SUM(C2:C4)/600 -> 1.7483
A3: CREAS1 / CREAS2 | B3: Rua João Pessoa 2204 | C3: 212.36
A4: CRAS | B4: Rua La Salle 09 | C4: 376.62
A5: SMMA | B5: Rua Apolinário de Moraes 1705 | C5: 256.55
A7: SMEC - Administração | B7: Rua São João 1301 | C7: 144.04 | D7: 6
A8: Biblioteca Pública Municipal | B8: Rua Capitão Cruz 2150 | C8: 626.36
A9: Teatro Roberto Athayde Cardona | B9: Rua Capitão Cruz 2150 | C9: 443.69
A10: Telecentro | B10: Rua Bruno de Andrade 1515 | C10: 106.38
A11: Setor de Merenda Escolar | B11: Rua Bento Gonçalves, 1920 | C11: 49.5
A12: Setor de Merenda Escolar/Depósito | B12: Rua Bento Gonçalves, 1920 | C12: 290
A13: Complexo Estação da Cultura* | B13: Rua Osvaldo Aranha, 2215 | C13: 1781.59
A15: SMOP | B15: Rua João Pessoa 1388 | C15: 149.77 | D15: 1
A16: SMOP - Guarda Municipal | B16: Parque Centenário | C16: 222.8
A18: Conselho Tutelar | B18: Rua Cel. Antônio Inácio, 51 | C18: 183.26 | D18: 1
A19: SMAD | B19: Rua Ramiro Barcelos 1873 | C19: 439
A21: SMIC | B21: Rua São João 1313 | C21: 153.48 | D21: 3
A22: Cozinha SMF | B22: Rua João Pessoa 1363 | C22: 17.85
A23: GP/SG - Arquivo e Central | B23: Rua João Pessoa 1363 | C23: 673.66
A24: GP/SG - Palácio | B24: Rua João Pessoa 1363 | C24: 442.35
A25: SMF | B25: Rua João Pessoa 1363 | C25: 188.74
A26: SMGEP | B26: Rua João Pessoa 1363 | C26: 121.85
A27: PGM | B27: Rua João Pessoa 1748 | C27: 158.58
A29: SMVSU | B29: Rua Campos Neto, 777 | C29: 356.45 | D29: 1
A30: SMDR | B30: =B29 -> Rua Campos Neto, 777 | C30: 201.25
A31: Total | D31: =D2+D7+D15+D18+D21+D29 -> 13.7483
A33: * Composto por Museu de Arte, Museu Histórico, Arquivo, Espaço Brasken e Prédio do Telégrafo)
